 Dungeon Crawl Stone Soup version 0.20.1-1-g8b1a95d (webtiles) character file.

304 bobthegiant the Scholar of Death (level 6, -2/45 HPs)
             Began as a Ghoul Necromancer on Dec 10, 2017.
             Was a Follower of Kikubaaqudgha.
             Slain by a leopard gecko skeleton (3 damage)
             ... on level 7 of the Dungeon.
             The game lasted 00:19:48 (3514 turns).

bobthegiant the Scholar of Death (GhNe)             Turns: 3514, Time: 00:19:50

Health: -2/45      AC:  2    Str: 12    XL:     6   Next: 38%
Magic:  8/8        EV: 12    Int: 12    God:    Kikubaaqudgha [*.....]
Gold:   191        SH:  0    Dex:  9    Spells: 5/9 levels left

rFire    . . .     SeeInvis .     - Unarmed
rCold    + . .     Gourm    .   (no shield)
rNeg     + + +     Faith    .   a - +0 robe
rPois    ∞         Spirit   .   (no helmet)
rElec    .         Reflect  .   (no cloak)
rCorr    .         Harm     .   (no gloves)
MR       .....                  (no boots)
Stlth    ++........             (no amulet)
Regen    0.0/turn               (no ring)
MPRegen  0.2/turn               (no ring)

@: rotting
A: rotting body, claws 1, carnivore 3, cold resistance 1, negative energy
resistance 3, inhibited regeneration, torment resistance, unbreathing
a: Receive Corpses, Renounce Religion


You were on level 7 of the Dungeon.
You worshipped Kikubaaqudgha.
Kikubaaqudgha was aware of your devotion.
You were not hungry.

You visited 2 branches of the dungeon, and saw 6 of its levels.

You collected 191 gold pieces.

Inventory:

Missiles
 f - 119 stones (quivered)
Armour
 a - a +0 robe (worn)
 i - a +0 buckler
 t - a +0 helmet
 x - the +9 ring mail of Vukkece {+Fly, unknown}
   (You found it on level 4 of the Dungeon)

   It lets you fly.
Jewellery
 v - an uncursed ring of poison resistance {unknown}
 A - a +3 ring of slaying {unknown}
Wands
 r - a wand of enslavement (11/24)
Scrolls
 e - 3 scrolls of identify {unknown}
 j - a scroll of magic mapping {unknown}
 n - a scroll of amnesia {unknown}
 o - a scroll of blinking {unknown}
 p - a scroll of fear {unknown}
 q - a scroll of remove curse {unknown}
 y - 2 scrolls of recharging {unknown}
Potions
 d - 2 potions of agility {unknown}
 g - a potion of brilliance {unknown}
 h - a potion of ambrosia {unknown}
 l - a potion of curing {unknown}
 m - a potion of flight {unknown}
 u - a potion of might {unknown}
 w - a potion of degeneration {unknown}
 z - a potion of heal wounds {unknown}
 B - a potion of lignification {unknown}
Books
 b - a book of Necromancy

   Spells                             Type                      Level
   a - Pain                           Necromancy                   1
   b - Animate Skeleton               Necromancy                   1
   c - Vampiric Draining              Necromancy                   3
   d - Regeneration                   Charms/Necromancy            3
   e - Animate Dead                   Necromancy                   4
   f - Control Undead                 Necromancy                   4
 s - Kikubaaqudgha's Handbook of Stolen Souls
   (Kikubaaqudgha gifted it to you on level 4 of the Dungeon)

   Spells                             Type                      Level
   a - Animate Skeleton               Necromancy                   1
   b - Pain                           Necromancy                   1
   c - Corpse Rot                     Necromancy                   2
   d - Vampiric Draining              Necromancy                   3
   e - Control Undead                 Necromancy                   4
Comestibles
 c - 3 meat rations


   Skills:
 - Level 1.7 Dodging
 - Level 2.1 Stealth
 + Level 4.3 Unarmed Combat
 + Level 2.1 Spellcasting
 + Level 5.9 Necromancy


You had 5 spell levels left.
You knew the following spells:

 Your Spells              Type           Power        Failure   Level  Hunger
a - Pain                  Necr           ###.         2%          1    ##.....
b - Vampiric Draining     Necr           ###.......   7%          3    ####...


Dungeon Overview and Level Annotations

Branches:
Dungeon (4/15)             Temple (1/1) D:4

Altars:
Ashenzari
Dithmenos
Elyvilon
Fedhas
Gozag
Hepliaklqana
Kikubaaqudgha
Nemelex Xobeh
Okawaru
Qazlal
Ru
Sif Muna
Trog
Uskayaw
Vehumet
Xom
Yredelemnul
Zin
The Shining One


Innate Abilities, Weirdness & Mutations

Your body is rotting away.
You thrive on raw meat.
You are immune to poison.
You have sharp fingernails.
You are carnivorous and can eat meat at any time.
Your flesh is cold resistant. (rC+)
You are immune to negative energy. (rN+++)
You do not regenerate when monsters are visible.
You are immune to unholy pain and torment.
You can survive without breathing.


Message History

* * * LOW HITPOINT WARNING * * *
The leopard gecko skeleton barely misses you.
The orc priest hits you with a hand axe!
* * * LOW HITPOINT WARNING * * *
The orc priest completely misses you.
You scratch the orc priest.
The orc priest is almost dead.
The hound bites you but does no damage.
The leopard gecko skeleton closely misses you.
The hound bites you.
* * * LOW HITPOINT WARNING * * *
The orc priest hits you but does no damage.
The orc priest closely misses you.
Unknown command.
You scratch the orc priest.
You kill the orc priest!
Kikubaaqudgha accepts your kill. The leopard gecko skeleton bites you.
You die...
Kikubaaqudgha rasps: "You have failed me!
Welcome... oblivion!"

##### ...
#Z#
####@####
#..oh)..#
#...o...#
#$....%.#
#.......#
#........##
#........#
#........#
#........#


You could see a hound, an orc priest, an orc and a leopard gecko skeleton.

Vanquished Creatures
  2 orc wizards (D:4)
  An orc priest (D:7)
  Natasha (twice) (D:2 D:4)
  2 worker ants (D:4)
  4 adders
  An ooze (D:4)
  2 worms
  2 dart slugs
  5 orcs
  6 bats
  2 giant cockroaches
  9 goblins
  9 hobgoblins
  3 jackals (D:4)
  A quokka (D:3)
  6 frilled lizards
  3 kobolds
  A leopard gecko skeleton (D:4)
  10 rats
71 creatures vanquished.

Notes
Turn   | Place    | Note
-------+----------+-------------------------------------------
     0 | D:1      | bobthegiant the Ghoul Necromancer began the quest for the Orb.
     0 | D:1      | Reached XP level 1. HP: 14/14 MP: 2/2
     6 | D:1      | Noticed a black bear
     6 | D:1      | Noticed a salamander
     6 | D:1      | Noticed a worker ant
     6 | D:1      | Noticed a komodo dragon
   365 | D:1      | Reached skill level 1 in Unarmed Combat
   365 | D:1      | Reached XP level 2. HP: 18/19 MP: 3/3
  1126 | D:2      | Noticed Natasha
  1141 | D:2      | Reached XP level 3. HP: 23/26 MP: 4/4
  1150 | D:2      | Killed Natasha
  1201 | D:2      | Reached XP level 4. HP: 25/33 MP: 5/5
  1576 | D:2      | Reached skill level 5 in Necromancy
  1603 | D:2      | Learned a level 3 spell: Vampiric Draining
  1728 | D:2      | You fall through a shaft for 2 floors!
  1728 | D:4      | Found a staircase to the Ecumenical Temple.
  1742 | Temple   | Entered the Ecumenical Temple
  1774 | Temple   | Became a worshipper of Kikubaaqudgha
  2142 | D:3      | Found a white marble altar of Elyvilon.
  2143 | D:3      | Found a hazy altar of Hepliaklqana.
  2144 | D:3      | Found a deep blue altar of Sif Muna.
  2145 | D:3      | Found a shimmering altar of Xom.
  2146 | D:3      | Found an iron altar of Okawaru.
  2149 | D:3      | Found an opulent altar of Gozag.
  2150 | D:3      | Found a blossoming altar of Fedhas.
  2238 | D:3      | Reached XP level 5. HP: 24/38 MP: 2/6
  2700 | D:4      | Reached * piety under Kikubaaqudgha
  2700 | D:4      | Identified Kikubaaqudgha's Handbook of Stolen Souls (Kikubaaqudgha gifted it to you on level 4 of the Dungeon)
  2700 | D:4      | Received a gift from Kikubaaqudgha
  3102 | D:4      | Got a faintly glowing ring mail
  3254 | D:4      | Reached XP level 6. HP: 45/45 MP: 7/7
  3294 | D:4      | Noticed Natasha
  3319 | D:4      | Killed Natasha
  3503 | D:4      | You fall through a shaft for 3 floors!
  3513 | D:7      | HP: 1/45 [hound (2)]
  3514 | D:7      | Slain by a leopard gecko skeleton

Skill      XL: |  1  2  3  4  5  6 |
---------------+-------------------+-----
Unarmed Combat | 1 2 3 4 |  4.3
Necromancy     | 5 |  5.9
Spellcasting   | 2 |  2.1
Dodging        | |  1.7
Stealth        | |  2.1

Action                   |  1- 3 |  4- 6 || total
-------------------------+-------+-------++-------
Melee: Unarmed           |   100 |   160 ||   260
       Punch             |       |     1 ||     1
 Cast: Pain              |    10 |    10 ||    20
       Vampiric Draining |       |     5 ||     5
Invok: Receive Corpses   |       |     1 ||     1
 Stab: Sleeping          |     1 |     5 ||     6
  Eat: Chunk             |     5 |    26 ||    31
Armor: Robe              |    17 |    23 ||    40
Dodge: Dodged            |    80 |    79 ||   159
